 Dungeon Crawl Stone Soup version 0.21.0 (webtiles) character file.

823 Matudinoluver the Chopper (level 7, -4/61 HPs)
             Began as a Hill Orc Berserker on May 23, 2018.
             Was a Believer of Trog.
             Slain by an ice beast (7 damage)
             ... on level 5 of the Dungeon.
             The game lasted 00:35:37 (2997 turns).

Matudinoluver the Chopper (Hill Orc Berserker)      Turns: 2997, Time: 00:35:38

Health: -4/61      AC: 12    Str: 22    XL:     7   Next: 96%
Magic:  4/7        EV: 17    Int:  9    God:    Trog [**....]
Gold:   94         SH:  0    Dex: 10    Spells: 6/6 levels left

rFire    . . .     SeeInvis .   i - +1 scythe (freeze)
rCold    . . .     Gourm    .   (shield currently unavailable)
rNeg     . . .     Faith    .   p - +1 scale mail {MR+}
rPois    .         Spirit   .   (no helmet)
rElec    .         Reflect  .   o - +0 cloak
rCorr    +         Harm     .   (no gloves)
MR       +++..                  l - +0 pair of boots
Stlth    ..........             (no amulet)
HPRegen  1.00/turn              j - ring of resist corrosion
MPRegen  0.10/turn              m - +6 ring of evasion

@: regenerating
A: thin metallic scales 1, clever 1, inhibited regeneration, MP-powered wands
a: Berserk, Trog's Hand, Burn Spellbooks, Renounce Religion


You were on level 5 of the Dungeon.
You worshipped Trog.
Trog was pleased with you.
You were hungry.

You visited 1 branch of the dungeon, and saw 5 of its levels.

You collected 154 gold pieces.
You spent 60 gold pieces at shops.

Inventory:

Hand Weapons
 a - a +0 hand axe
 i - a +1 scythe of freezing (weapon)
 k - a +0 dagger of pain
 n - a +4 quarterstaff of chaos
Missiles
 b - 5 tomahawks (quivered)
 g - a throwing net
Armour
 l - a +0 pair of boots (worn)
 o - a +0 cloak (worn)
 p - a +1 scale mail of magic resistance (worn)
 u - a +0 buckler
Jewellery
 j - a ring of resist corrosion (left hand)
 m - a +6 ring of evasion (right hand)
Wands
 f - a wand of digging (11)
 v - a wand of enslavement (13)
Scrolls
 h - 2 scrolls of amnesia
 q - 6 scrolls of identify
Potions
 d - a potion of mutation
 e - 2 potions of lignification
 r - 2 potions of agility
Comestibles
 c - 4 rations
 s - 4 chunks of flesh
 t - an inedible chunk of flesh


   Skills:
 + Level 5.4 Fighting
 + Level 7.4(8.1) Axes
 + Level 3.9(5.7) Polearms
 + Level 1.3(2.4) Staves
 + Level 4.1 Armour
 + Level 3.0 Dodging
 + Level 0.2 Stealth


You had 6 spell levels left.
You didn't know any spells.

Dungeon Overview and Level Annotations

Branches:
Dungeon (5/15)
 Temple: D:4-7

Altars:
Ashenzari
Vehumet
Wu Jian

Shops:
D:4 %(*


Innate Abilities, Weirdness & Mutations

You are partially covered in thin metallic scales. (AC +2)
Your mind is acute. (Int +2)
You do not regenerate when monsters are visible.
You expend magic power (3 MP) to strengthen your wands.


Message History

The sky beast misses you.
The ice beast hits you but does no damage.
The sky beast hits you but does no damage.
The ice beast hits you.
* * * LOW HITPOINT WARNING * * *
The ice beast freezes you.
* * * LOW HITPOINT WARNING * * *
The sky beast hits you.
* * * LOW HITPOINT WARNING * * *
The sky beast shocks you.
* * * LOW HITPOINT WARNING * * *
The sky beast misses you.
Found a stone staircase leading up.
Aiming: Enslavement
Press: ? - help, Shift-Dir - straight line, f - sky beast
Aim: a sky beast (heavily wounded, chance to defeat MR: 50%)
The sky beast resists with some effort.
The ice beast hits you.
* * * LOW HITPOINT WARNING * * *
The ice beast freezes you!
You die...

.$.... ##≈#Y#..###.
......< ............
......########....####
............≈.........
###.....#######.####.#
#.....# ###_._._#
#.....# #...P.P..
#...Y.######....⌠...
#..@Y.#.....##...P.#
#...%.#......###.###
#######.............
.<......#...≈
........#.#.[
........#....
...####...[)# ..
###...... . #.......#


You could see an ice beast and a sky beast.

Vanquished Creatures
  Sigmund (D:3)
  A sky beast (D:5)
  Purgy (D:3)
  The ghost of Hekarica the Stinger, an amateur OpVM (D:3)
  A crimson imp (D:5)
  An orc wizard (D:5)
  Crazy Yiuf (D:3)
  2 orc priests (D:3)
  Jessica (D:3)
  A hound skeleton (D:4)
  Robin (D:3)
  6 adders
  4 gnolls (D:4)
  An ooze (D:1)
  A worm (D:4)
  A dart slug (D:1)
  2 leopard geckos
  15 orcs
  4 giant cockroaches
  11 goblins
  17 hobgoblins
  4 jackals
  7 kobolds (D:1)
  2 quokkas
  4 bats
  A frilled lizard (D:1)
  A rat (D:1)
93 creatures vanquished.

Notes
Turn   | Place    | Note
-------+----------+-------------------------------------------
     0 | D:1      | Matudinoluver the Hill Orc Berserker began the quest for the Orb.
     0 | D:1      | Reached XP level 1. HP: 19/19 MP: 1/1
   114 | D:1      | Reached XP level 2. HP: 10/27 MP: 2/2
   335 | D:1      | Reached XP level 3. HP: 19/33 MP: 3/3
   683 | D:1      | Reached ** piety under Trog
   838 | D:1      | Reached skill level 5 in Axes
   970 | D:2      | Gained mutation: You expend magic power (3 MP) to strengthen your wands. [potion of mutation]
   970 | D:2      | Gained mutation: You do not regenerate when monsters are visible. [potion of mutation]
   970 | D:2      | Gained mutation: Your mind is acute. (Int +2) [potion of mutation]
   970 | D:2      | Gained mutation: You are partially covered in thin metallic scales. (AC +2) [potion of mutation]
   976 | D:2      | Reached XP level 4. HP: 6/40 MP: 4/4
   978 | D:2      | HP: 2/40 [jackal (3)]
  1522 | D:3      | Noticed Jessica
  1537 | D:3      | Killed Jessica
  1537 | D:3      | Reached skill level 6 in Axes
  1537 | D:3      | Reached XP level 5. HP: 36/47 MP: 5/5
  1551 | D:3      | Noticed Hekarica's ghost (amateur OpVM)
  1560 | D:3      | Killed Hekarica's ghost
  1663 | D:3      | Found a runed door.
  1667 | D:3      | Noticed Crazy Yiuf
  1673 | D:3      | Killed Crazy Yiuf
  1673 | D:3      | Reached XP level 6. HP: 53/53 MP: 6/6
  1759 | D:3      | Noticed Robin
  1778 | D:3      | Killed Robin
  2149 | D:3      | Noticed Sigmund
  2156 | D:3      | Killed Sigmund
  2156 | D:3      | Reached skill level 5 in Fighting
  2156 | D:3      | Reached skill level 7 in Axes
  2156 | D:3      | Reached XP level 7. HP: 61/61 MP: 7/7
  2247 | D:3      | Reached skill level 1 in Staves
  2318 | D:3      | Noticed Purgy
  2331 | D:3      | Killed Purgy
  2331 | D:3      | Reached skill level 1 in Polearms
  2629 | D:4      | Found Fileytis's Food Boutique.
  2641 | D:4      | Bought a ration for 60 gold pieces
  2792 | D:4      | Found Sudaz's Assorted Antiques.
  2813 | D:4      | Found Heneijio's Weapon Emporium.
  2847 | D:5      | Entered Level 5 of the Dungeon
  2899 | D:5      | Found a shattered altar of Ashenzari.
  2932 | D:5      | Found an ornate altar of the Wu Jian Council.
  2933 | D:5      | Found a radiant altar of Vehumet.
  2997 | D:5      | HP: 3/61 [ice beast (3)]
  2997 | D:5      | Slain by an ice beast

Skill      XL: |  1  2  3  4  5  6  7 |
---------------+----------------------+-----
Fighting       | 4 5 |  5.4
Axes           | 5 6 7 |  7.4
Dodging        | 2 3 |  3.0
Armour         | 3 4 |  4.1
Staves         | 1 |  1.3
Polearms       | 3 |  3.9
Stealth        | |  0.2

Action                   |  1- 3 |  4- 6 |  7- 9 || total
-------------------------+-------+-------+-------++-------
Melee: Hand axe          |   103 |    79 |       ||   182
       Quarterstaff      |       |    33 |       ||    33
       Scythe            |       |       |   107 ||   107
Invok: Berserk           |       |     6 |     1 ||     7
       Trog's Hand       |       |     2 |     3 ||     5
Evoke: Wand              |       |       |     1 ||     1
  Use: Scroll            |     5 |     1 |     1 ||     7
       Potion            |     1 |     2 |     2 ||     5
  Eat: Chunk             |       |     3 |     2 ||     5
       Ration            |       |     2 |     1 ||     3
Armor: Animal skin       |     2 |       |       ||     2
       Ring mail         |    35 |    38 |       ||    73
       Skin              |       |     2 |       ||     2
       Scale mail        |       |     6 |    80 ||    86
Dodge: Dodged            |    90 |   112 |   170 ||   372
